 Dungeon Crawl Stone Soup version 0.26-a0-50-gc4d14cd842 (webtiles) character file.

Game seed: 10620103320292024942

3861 vurker the Zephyrmancer (level 10, -8/60 HPs)
             Began as a Tengu Air Elementalist on June 4, 2020.
             Was a Believer of Vehumet.
             Mangled by an orc warrior
             ... wielding a +0 mace
              (18 damage)
             ... on level 8 of the Dungeon.
             The game lasted 00:13:05 (8812 turns).

vurker the Zephyrmancer (Tengu Air Elementalist)    Turns: 8812, Time: 00:13:06

Health: -8/60      AC:  6    Str:  9    XL:     10   Next: 18%
Magic:  9/22       EV: 15    Int: 19    God:    Vehumet [**....]
Gold:   171        SH:  0    Dex: 14    Spells: 14/24 levels left

rFire    . . .     SeeInvis .   u - +2 short sword (elec)
rCold    + + .     Gourm    .   (no shield)
rNeg     . . .     Faith    .   v - +0 robe {Archmagi}
rPois    .         Spirit   .   (helmet restricted)
rElec    .         Reflect  .   k - +0 cloak
rCorr    .         Harm     .   A - +2 pair of gloves
MR       .....                  (boots unavailable)
Stlth    ++........             (no amulet)
HPRegen  0.20/turn              f - ring of protection from cold
MPRegen  0.18/turn              j - ring of protection from cold

@: flying quickly and evasively, quick
A: beak, talons 3, able to fly
a: Stop Flying, Renounce Religion


You were on level 8 of the Dungeon.
You worshipped Vehumet.
Vehumet was pleased with you.
You were hungry.

You visited 1 branch of the dungeon, and saw 8 of its levels.

You collected 371 gold pieces.
You spent 200 gold pieces at shops.

Inventory:

Hand Weapons
 u - a +2 short sword of electrocution (weapon)
   (You took it off Duvessa on level 7 of the Dungeon)
Missiles
 r - a throwing net (quivered)
Armour
 i - a +0 leather armour of cold resistance
   (You found it on level 6 of the Dungeon)
 k - a +0 cloak (worn)
   (You found it on level 2 of the Dungeon)
 q - a +0 leather armour of magic resistance
   (You took it off Eustachio on level 3 of the Dungeon)
 v - a +0 robe of the Archmagi (worn)
   (You took it off an orc wizard on level 4 of the Dungeon)
 z - the +0 robe of Life {rPois Regen+}
   (You found it on level 7 of the Dungeon)

   It protects you from poison.
   It increases your rate of regeneration.
 A - a +2 pair of gloves (worn)
   (You found it on level 8 of the Dungeon)
Jewellery
 f - a ring of protection from cold (left hand)
   (You found it on level 1 of the Dungeon)
 j - a ring of protection from cold (right hand)
   (You found it on level 5 of the Dungeon)
Wands
 t - a wand of flame (22)
   (You took it off Duvessa on level 7 of the Dungeon)
Scrolls
 b - 4 scrolls of amnesia
 g - a scroll of immolation
 h - a scroll of enchant armour {unknown}
 l - 2 scrolls of remove curse
 m - a scroll of random uselessness {unknown}
 s - 2 scrolls of fog
 w - 3 scrolls of teleportation
 x - a scroll of identify
 y - a scroll of blinking {unknown}
Potions
 a - a potion of lignification
 d - 2 potions of resistance
 n - a potion of curing
 o - a potion of cancellation
 p - a potion of heal wounds
Comestibles
 e - 23 rations


   Skills:
 + Level 5.7 Fighting
 - Level 2.1 Dodging
 - Level 2.0 Stealth
 * Level 7.9 Spellcasting
 + Level 7.7 Conjurations
 * Level 11.3 Air Magic


You had 14 spell levels left.
You knew the following spells:

 Your Spells              Type           Power        Failure   Level  Hunger
a - Shock                 Conj/Air       ####         1%          1    None
b - Lightning Bolt        Conj/Air       ######....   4%          5    #####..
c - Airstrike             Air            ######....   1%          4    ###....

Your spell library contained the following spells:

 Spells                   Type           Power        Failure   Level  Hunger
 Foxfire                  Conj/Fire      ####         1%          1    None
 Swiftness                Chrm/Air       #####...     1%          2    None
 Static Discharge         Conj/Air       ######..     1%          3    None
 Dazzling Flash           Conj/Hex       ####..       5%          3    None
 Corona                   Hex            ##.....      10%         1    None
 Ensorcelled Hibernation  Hex/Ice        ##....       14%         2    None
 Confusing Touch          Hex            ##......     28%         3    None
 Tukima's Dance           Hex            ##......     28%         3    None


Dungeon Overview and Level Annotations

Branches:
Dungeon (8/15)             Temple (0/1) D:7            Lair (0/6) D:8

Altars:
Ashenzari
Dithmenos
Fedhas
Gozag
Makhleb
Nemelex Xobeh
Qazlal
Ru
Sif Muna
Vehumet
Wu Jian
Yredelemnul
Zin

Shops:
D:4 ?   D:7 *   D:8 *

Annotations:
D:8 Pikel


Innate Abilities, Weirdness & Mutations

You have a beak for a mouth.
You have claws for feet.
You can fly continuously.


Message History

You feel a surge of power!
The zap hits the orc warrior but does no damage.
The zap hits the orc wizard.
The zap misses the orc.
Aim: an orc wizard, wielding a +0 dagger and wearing a +0 robe (heavily wounded)
You feel a surge of power!
The zap misses the orc warrior.
The zap hits the orc wizard.
The zap misses the orc.
Aim: an orc wizard, wielding a +0 dagger and wearing a +0 robe (severely wounded)
You feel a surge of power!
The zap misses the orc warrior.
The zap hits the orc wizard.
The zap hits the orc!
You kill the orc!
Vehumet accepts your kill.
You feel your power returning.
The orc warrior hits you with a +0 mace!!
The orc wizard casts a spell.
The orc wizard blinks!
You barely miss the orc wizard. Your peck misses the orc wizard.
The orc warrior hits you with a +0 mace!
* * * LOW HITPOINT WARNING * * *
The orc wizard barely misses you.
You closely miss the orc wizard. You peck the orc wizard.
You kill the orc wizard!
Vehumet accepts your kill.
Vehumet offers you knowledge of Foxfire.
You feel your power returning.
The orc warrior hits you with a +0 mace!
* * * LOW HITPOINT WARNING * * *
Things that are here:
a +0 dagger; a +0 robe; an orc corpse An orc priest comes into view.
It is wielding a +0 dagger.
The orc priest shouts!
The orc priest mumbles some strange prayers to Beogh against you.
Beogh smites you!
* * * LOW HITPOINT WARNING * * *
Aim: an orc warrior, wielding a +0 mace and wearing a +0 plate armour (moderately wounded)
You feel a surge of power!
The air twists around and strikes the orc warrior!
The orc warrior completely misses you.
Aim: an orc priest, wielding a +0 dagger You feel a surge of power!
The air twists around and strikes the orc priest!
The orc priest calls upon Beogh to heal the orc warrior.
The orc warrior is healed somewhat.
Aim: an orc priest, wielding a +0 dagger (almost dead)
You feel a surge of power!
The air twists around and strikes the orc priest!
You kill the orc priest!
Vehumet accepts your kill.
You are feeling hungry.
The orc warrior hits you with a +0 mace!!
You die...

#.##.# . #)##.# .
#.##.# #.##.#
#)##.#####
#...)....#
####..##.# #
#o.##.############
#@......[.........
#)############.###
#.################
#..o...(..o..{'o'.
############..###<
#### ##


You could see an orc warrior.

Vanquished Creatures
  A two-headed ogre (D:8)
  Eustachio (D:3)
  A yak (D:8)
  A water moccasin (D:6)
  Duvessa (D:7)
  4 porcupines
  3 ice beasts
  3 slaves (D:8)
  2 orc warriors (D:8)
  3 black bears
  A phantom (D:7)
  3 ogres
  A centaur (D:7)
  A crocodile (D:8)
  2 bullfrogs (D:8)
  Dowan (D:6)
  2 wyvern skeletons
  A scorpion (D:8)
  A crimson imp (D:3)
  4 hounds
  Crazy Yiuf (D:7)
  4 orc priests (D:8)
  7 orc wizards
  A centaur skeleton (D:4)
  Terence (D:3)
  Ijyb (D:3)
  2 worker ants
  A worker ant zombie (D:5)
  6 adders
  3 oozes
  4 worms
  6 leopard geckos
  15 orcs
  2 ball pythons
  6 giant cockroaches
  8 goblins
  8 hobgoblins
  4 jackals (D:2)
  5 quokkas
  6 bats
  5 frilled lizards
  10 kobolds
  7 rats
  2 fungi (D:8)
152 creatures vanquished.

Vanquished Creatures (others)
  36 fungi (D:8)
  4 plants (D:8)
40 creatures vanquished.

Grand Total: 192 creatures vanquished

Notes
Turn   | Place    | Note
-------+----------+-------------------------------------------
     0 | D:1      | vurker the Tengu Air Elementalist began the quest for the
                  | Orb.
     0 | D:1      | Reached XP level 1. HP: 10/10 MP: 4/4
   114 | D:1      | Reached XP level 2. HP: 16/16 MP: 0/6
   567 | D:1      | Reached XP level 3. HP: 20/20 MP: 4/7
   826 | D:1      | Reached skill level 1 in Fighting
  1141 | D:2      | Reached XP level 4. HP: 8/25 MP: 0/8
  1483 | D:2      | Reached skill level 5 in Air Magic
  1580 | D:2      | Found an ornate altar of the Wu Jian Council.
  2446 | D:3      | Gained mutation: You can fly continuously. [Tengu growth]
  2446 | D:3      | Reached XP level 5. HP: 26/29 MP: 0/10
  2550 | D:3      | Noticed Terence
  2564 | D:3      | Killed Terence
  2665 | D:3      | Learned a level 5 spell: Lightning Bolt
  2670 | D:3      | Learned a level 4 spell: Airstrike
  2907 | D:3      | Found a basalt altar of Yredelemnul.
  3197 | D:3      | Found a glowing silver altar of Zin.
  3198 | D:3      | Found an opulent altar of Gozag.
  3477 | D:4      | Noticed Ijyb
  3477 | D:4      | Noticed Eustachio
  3496 | D:3      | Killed Ijyb
  3609 | D:3      | Killed Eustachio
  3609 | D:3      | Reached skill level 6 in Air Magic
  3609 | D:3      | Reached XP level 6. HP: 21/36 MP: 3/12
  3757 | D:4      | Found Zoagh's Magic Scroll Shop.
  3859 | D:4      | Found a shadowy altar of Dithmenos.
  3898 | D:4      | Found a shimmering blue altar of Sif Muna.
  4071 | D:4      | Reached XP level 7. HP: 40/40 MP: 10/14
  4134 | D:4      | Bought a scroll of teleportation for 42 gold pieces
  4134 | D:4      | Bought a scroll of teleportation for 42 gold pieces
  4134 | D:4      | Bought a scroll of identify for 28 gold pieces
  4134 | D:4      | Bought a scroll of identify for 28 gold pieces
  4321 | D:4      | Found a radiant altar of Vehumet.
  4358 | D:4      | Became a worshipper of Vehumet
  4423 | D:5      | Entered Level 5 of the Dungeon
  4432 | D:5      | Found a blossoming altar of Fedhas.
  4439 | D:5      | Found a burning altar of Makhleb.
  4809 | D:5      | Reached skill level 7 in Air Magic
  5484 | D:6      | Found a sparkling altar of Nemelex Xobeh.
  5549 | D:6      | Reached XP level 8. HP: 45/46 MP: 6/16
  5700 | D:6      | Reached skill level 5 in Spellcasting
  5860 | D:7      | Reached skill level 5 in Conjurations
  5860 | D:7      | Reached skill level 8 in Air Magic
  5951 | D:7      | Noticed Duvessa
  5962 | D:7      | Noticed Dowan
  5963 | D:7      | Killed Duvessa
  5987 | D:6      | Killed Dowan
  6233 | D:7      | Found Hifuz's Assorted Antiques.
  6241 | D:7      | Bought a scroll of identify for 40 gold pieces
  6241 | D:7      | Bought a scroll labeled EREDIGE GIHUVU for 20 gold pieces
  6245 | D:7      | Found a stormy altar of Qazlal.
  6554 | D:7      | Found a staircase to the Ecumenical Temple.
  6642 | D:7      | Reached skill level 9 in Air Magic
  6740 | D:7      | Found a runed translucent door.
  6741 | D:7      | Noticed Crazy Yiuf
  6769 | D:7      | Got a twisted robe
  6780 | D:7      | Identified the cursed +0 robe of Life {rPois Regen+} (You
                  | found it on level 7 of the Dungeon)
  6900 | D:7      | Killed Crazy Yiuf
  7098 | D:8      | Noticed a two-headed ogre
  7103 | D:8      | Killed a two-headed ogre
  7103 | D:8      | Reached XP level 9. HP: 53/53 MP: 4/20
  7232 | D:8      | Reached * piety under Vehumet
  7232 | D:8      | Offered knowledge of Freeze by Vehumet.
  7232 | D:8      | Reached skill level 10 in Air Magic
  7234 | D:8      | Reached skill level 5 in Fighting
  7387 | D:7      | HP: 2/54 [porcupine's spines (11)]
  7677 | D:8      | Found a shattered altar of Ashenzari.
  8111 | D:8      | Found a sacrificial altar of Ru.
  8115 | D:8      | Reached XP level 10. HP: 59/59 MP: 9/22
  8256 | D:8      | Reached skill level 11 in Air Magic
  8558 | D:8      | Found a staircase to the Lair.
  8581 | D:8      | Found an opulent altar of Gozag.
  8583 | D:8      | Noticed Pikel
  8702 | D:8      | Found Gozag's Platinum Reserve.
  8801 | D:8      | Reached ** piety under Vehumet
  8803 | D:8      | Offered knowledge of Foxfire by Vehumet.
  8812 | D:8      | Mangled by an orc warrior

Illustrated notes

Levels and vault maps discovered:
D:1:      minmay_arrival_shattered_statue, layout_loops_ring
D:2:      layout_rooms, nicolae_overflow_crystal_walls, st_stairs_1
D:3:      layout_basic, grunt_temple_overflow_gold_and_silver,
          yredelemnul_altar_generic, first_ration, uniq_terence
D:4:      layout_rooms, overflow_temple_1_default, kennysheep_mini_moat,
          lemuel_coloured_pillars_altar, serial_shops, shop,
          grunt_decor_resistance, uniq_ijyb, uniq_eustachio
D:5:      layout_gridville, fedhas_altar_1, bloody_makhleb
D:6:      layout_basic, nemelex_altar_shiori, serial_glass, glass_columns_a,
          glass_columns_a
D:7:      layout_gridville, overflow_temple_1_default,
          minmay_temple_entry_sparse_star, serial_shops, shop, uniq_duvessa,
          uniq_crazy_yiuf_cottage
D:8:      layout_loops_ring, kennysheep_mini, lemuel_round_altar,
          due_lair_maze_entry_diamond, special_room [special_room_kobold],
          nicolae_gozag_zags_fifth_avenue, uniq_pikel

Skill      XL: |  1  2  3  4  5  6  7  8  9 10 |
---------------+-------------------------------+-----
Conjurations   | 2 3 4 6 7 |  7.7
Fighting       | 1 2 3 4 5 |  5.7
Air Magic      | 5 6 7 9 10 11 | 11.3
Spellcasting   | 3 4 6 7 |  7.9
Dodging        | |  2.1
Stealth        | |  2.0

Action                   |  1- 3 |  4- 6 |  7- 9 | 10-12 || total
-------------------------+-------+-------+-------+-------++-------
Melee: Kick              |     4 |     4 |     2 |     1 ||    11
       Unarmed           |     1 |       |       |       ||     1
       Whip              |     8 |     9 |     1 |       ||    18
       Peck              |     1 |       |       |     1 ||     2
       Short sword       |       |       |     5 |     7 ||    12
 Cast: Shock             |    51 |   154 |   159 |    74 ||   438
       Airstrike         |       |       |    26 |     6 ||    32
 Abil: Fly               |       |       |     1 |       ||     1
Evoke: Wand              |       |     7 |     1 |       ||     8
  Use: Potion            |     1 |       |     1 |       ||     2
       Scroll            |       |       |    14 |       ||    14
  Eat: Chunk             |     1 |     9 |    15 |     3 ||    28
Armor: Robe              |     2 |     9 |     4 |     9 ||    24
       Leather armour    |       |     2 |       |       ||     2
Dodge: Dodged            |    13 |    33 |    40 |    13 ||    99

Table legend:
 A = Non-vault XP
 B = Vault XP
 C = Vault XP percentage of total XP
 D = Non-vault monster count
 E = Vault monster count
 F = Vault count percentage of total count
                 A         B        C        D         E       F
            +---------+---------+-------+---------+---------+-------
      Total |    3769 |    1748 |  31.7 |     129 |      18 |  12.2
            +---------+---------+-------+---------+---------+-------
        D:1 |      47 |       0 |   0.0 |      21 |       0 |   0.0
        D:2 |      73 |       8 |   9.9 |      18 |       3 |  14.3
        D:3 |     115 |     276 |  70.6 |      30 |       3 |   9.1
        D:4 |     140 |       0 |   0.0 |      10 |       0 |   0.0
        D:5 |     474 |       0 |   0.0 |      10 |       0 |   0.0
        D:6 |     340 |      82 |  19.4 |       5 |       1 |  16.7
        D:7 |     545 |     457 |  45.6 |       8 |       4 |  33.3
        D:8 |    2035 |     925 |  31.2 |      27 |       7 |  20.6
            +---------+---------+-------+---------+---------+-------
